[Event "Titled Tuesday Blitz May 03 Early 2022"]
[White "Melikyan, Gnel"]
[Black "Bacrot, Etienne"]
[WhiteFideId "54109990"]
[BlackFideId "605506"]
[WhiteElo "1772"]
[BlackElo "2673"]
[Result "1/2-1/2"]
[Round "05"]
[TimeControl "180+1"]
[Date "2022.05.03"]
[WhiteClock "0:00:28"]
[BlackClock "0:00:09"]

1. e4 c5 2. Nf3 d6 3. d4 cxd4 4. Nxd4 Nf6 5. Nc3 Nc6 6. Bc4 e6 7. Bb3 Be7 8. O-O a6 9. Be3 Qc7 10. f3 O-O 11. Qe2 Na5 12. Rfd1 b5 13. a3 Nxb3 14. cxb3 Bb7 15. Rac1 Qb8 16. b4 d5 17. exd5 Nxd5 18. Nxd5 Bxd5 19. Nc6 Bxc6 20. Rxc6 Rd8 21. Rdc1 Bd6 22. g3 Qb7 23. Qc2 h6 24. Kf2 Be5 25. Ke2 Bf6 26. b3 Qd7 27. Rd1 Qe8 28. Rxd8 Qxd8 29. Qe4 Qd7 30. Bc5 Qe8 31. Rc7 Bb2 32. Qb7 Bxa3 33. Re7 Qc8 34. Rxf7 Qxb7 35. Rxb7 e5 36. Kd3 Bb2 37. Ke4 a5 38. Rxb5 axb4 39. Bxb4 Rd8 40. Rd5 Rb8 41. Bd6 Rxb3 42. Bxe5 Bxe5 43. Rxe5 Kf7 44. Rd5 Rb4+ 45. Rd4 Rb5 46. h4 Rb3 47. g4 Rb5 48. Kf4 g6 49. Rd7+ Kf6 50. g5+ hxg5+ 51. hxg5+ Ke6 52. Rg7 Rb4+ 53. Kg3 Kf5 54. f4 Rb3+ 55. Kg2 Kxf4 56. Rxg6 Rb5 57. Kf2 Rxg5 58. Rxg5 Kxg5 1/2-1/2


[Site "https://www.chess.com"]

[Event "Titled Tuesday Blitz May 03 Early 2022"]
[White "Menna Barreto, Felipe Kubiaki"]
[Black "Pinheiro, Iung Alicio de O."]
[WhiteFideId "2119757"]
[BlackFideId "2104350"]
[WhiteElo "2261"]
[BlackElo "2557"]
[Result "1-0"]
[Round "05"]
[TimeControl "180+1"]
[Date "2022.05.03"]
[WhiteClock "0:01:43"]
[BlackClock "0:01:40"]

1. e4 b6 2. Nf3 Bb7 3. Nc3 e6 4. a3 c5 5. d4 cxd4 6. Nxd4 a6 7. Bd3 Bc5 8. Nb3 Be7 9. O-O d6 10. Qe2 Nf6 11. Kh1 Nbd7 12. f4 Qc7 13. f5 e5 14. Bg5 h6 15. Bh4 b5 16. Nd2 Rc8 17. Bf2 Qb8 18. a4 b4 19. Nd1 Qa8 20. c4 1-0


[Site "https://www.chess.com"]

[Event "Titled Tuesday Blitz May 03 Early 2022"]
[White "Mikhailovsky, Vladimir"]
[Black "Jumabayev, Rinat"]
[WhiteFideId "34105414"]
[BlackFideId "13702661"]
[WhiteElo "2349"]
[BlackElo "2561"]
[Result "1-0"]
[Round "05"]
[TimeControl "180+1"]
[Date "2022.05.03"]
[WhiteClock "0:00:49"]
[BlackClock "0:00:03"]

1. e4 c5 2. Nf3 d6 3. d4 cxd4 4. Nxd4 Nf6 5. Nc3 Nc6 6. Bg5 e6 7. Nxc6 bxc6 8. e5 dxe5 9. Qxd8+ Kxd8 10. g3 Kc7 11. Bg2 Nd5 12. Ne4 Rb8 13. O-O-O Ba6 14. Rhe1 f6 15. Bd2 Be7 16. Bf1 Bxf1 17. Rxf1 f5 18. Ng5 Bxg5 19. Bxg5 h6 20. Bd2 e4 21. Rde1 Rhe8 22. f3 exf3 23. c4 Nb4 24. Bf4+ Kb7 25. Rxf3 Rbd8 26. Rb3 a5 27. a3 Rd3 28. Re3 Rxb3 29. Rxb3 c5 30. axb4 axb4 31. Be5 g5 32. Rd3 h5 33. Rd7+ Kc6 34. Rd6+ Kb7 35. h4 gxh4 36. gxh4 Rg8 37. Rxe6 Rg4 38. b3 Rxh4 39. Rf6 Rh1+ 40. Kc2 Rf1 41. Bd6 Rf2+ 42. Kc1 Rf3 43. Kc2 Rf2+ 44. Kd3 Rf3+ 45. Ke2 Rxb3 46. Bxc5 Kc7 47. Bd4 Ra3 48. Rxf5 b3 49. Rb5 Kc6 50. Kd2 h4 51. Rh5 Ra4 52. Kd3 Ra2 53. Rh6+ Kc7 54. Rxh4 Kc6 55. Kc3 b2 56. Kc2 Ra1 57. Bxb2 Rg1 58. Bd4 Rg2+ 59. Kd3 Rg3+ 60. Be3 Rg6 61. Rh6 1-0


[Site "https://www.chess.com"]

[Event "Titled Tuesday Blitz May 03 Early 2022"]
[White "Mikhalsky, Vladimir"]
[Black "Peterson, Eric"]
[WhiteFideId "14144352"]
[BlackFideId "14908395"]
[WhiteElo "2301"]
[BlackElo "2195"]
[Result "1-0"]
[Round "05"]
[TimeControl "180+1"]
[Date "2022.05.03"]
[WhiteClock "0:01:10"]
[BlackClock "0:00:01"]

1. e4 e6 2. d4 d5 3. e5 c5 4. Qg4 cxd4 5. Nf3 Nc6 6. Bd3 Qc7 7. Bf4 Nb4 8. Na3 Nxd3+ 9. cxd3 Bxa3 10. bxa3 Qc3+ 11. Ke2 Qb2+ 12. Bd2 Kf8 13. Nxd4 Nh6 14. Qh4 Bd7 15. Rab1 Qxa3 16. Rxb7 Ke8 17. Bb4 Qxa2+ 18. Kf3 f6 19. exf6 Nf5 20. f7+ 1-0


[Site "https://www.chess.com"]

[Event "Titled Tuesday Blitz May 03 Early 2022"]
[White "Mikhnenko, Alexander"]
[Black "Bas Mas, Jose Joaquin"]
[WhiteFideId "34143014"]
[BlackFideId "22219064"]
[WhiteElo "2117"]
[BlackElo "2212"]
[Result "0-1"]
[Round "05"]
[TimeControl "180+1"]
[Date "2022.05.03"]
[WhiteClock "0:00:07"]
[BlackClock "0:00:14"]

1. e4 c5 2. Nf3 d6 3. d4 cxd4 4. Nxd4 Nf6 5. Nc3 g6 6. f3 Bg7 7. Be3 Nc6 8. Qd2 O-O 9. O-O-O Nxd4 10. Bxd4 Be6 11. h4 Qa5 12. Kb1 Rfc8 13. a3 Rab8 14. h5 b5 15. hxg6 hxg6 16. Bxf6 Bxf6 17. Nd5 Qxd2 18. Nxf6+ Kg7 19. Rxd2 Kxf6 20. c3 a5 21. Rd4 Rc5 22. f4 Rbc8 23. Rh7 g5 24. g3 gxf4 25. gxf4 Rg8 26. Bd3 Bb3 27. e5+ dxe5 28. fxe5+ Rxe5 29. Rf4+ Ke6 30. Rf1 f6 31. Rh4 Rg3 32. Rd4 Rge3 33. Rc1 Re1 34. Rd8 Ba2+ 35. Kc2 Bb3+ 36. Kb1 Rxc1+ 37. Kxc1 Rg5 38. Rb8 Ba4 39. b3 Bxb3 40. Bxb5 Bd5 41. c4 Be4 42. Rb6+ Kf7 43. Ra6 f5 44. Rxa5 Rg2 45. Ra8 f4 46. c5 Bxa8 47. c6 Bxc6 48. Bxc6 Rg3 49. Bd5+ Kf6 0-1


[Site "https://www.chess.com"]

[Event "Titled Tuesday Blitz May 03 Early 2022"]
[White "Mirzoev, Azer"]
[Black "Vokhidov, Shamsiddin"]
[WhiteFideId "13400304"]
[BlackFideId "14204223"]
[WhiteElo "2525"]
[BlackElo "2611"]
[Result "0-1"]
[Round "05"]
[TimeControl "180+1"]
[Date "2022.05.03"]
[WhiteClock "0:00:04"]
[BlackClock "0:00:11"]

1. d4 Nf6 2. Nf3 d5 3. Bf4 c5 4. e3 Nc6 5. Nbd2 Nh5 6. Be5 e6 7. c3 f6 8. Bg3 cxd4 9. exd4 g6 10. Be2 Bh6 11. O-O O-O 12. Nb3 b6 13. Re1 Bb7 14. a4 e5 15. dxe5 Nxg3 16. hxg3 fxe5 17. Bb5 e4 18. Nfd4 Qf6 19. Bxc6 Bxc6 20. Nxc6 Qxc6 21. Qg4 Rae8 22. Re2 Re5 23. Nd4 Qf6 24. a5 Re7 25. axb6 axb6 26. Ra6 Bg7 27. Qh3 Qd6 28. Ra4 Qc5 29. Rb4 Ra8 30. Qh4 Re5 31. g4 Ree8 32. g3 h6 33. Kg2 Ra1 34. g5 h5 35. Qf4 Rf8 36. Qe3 Qd6 37. Rb5 Qd7 38. Rb4 Qg4 39. Nc6 h4 40. f4 exf3+ 0-1


[Site "https://www.chess.com"]

[Event "Titled Tuesday Blitz May 03 Early 2022"]
[White "Mohammadian, Mohammad"]
[Black "Todorovic, Bojan"]
[WhiteFideId "12566055"]
[BlackFideId "917087"]
[WhiteElo "1544"]
[BlackElo "2266"]
[Result "0-1"]
[Round "05"]
[TimeControl "180+1"]
[Date "2022.05.03"]
[WhiteClock "0:00:47"]
[BlackClock "0:00:10"]

1. e4 e5 2. Nf3 Nc6 3. Bb5 Nf6 4. O-O Nxe4 5. Re1 Nd6 6. Bxc6 dxc6 7. Nxe5 Be7 8. d4 O-O 9. Bf4 Bg5 10. Bxg5 Qxg5 11. Nf3 Qf6 12. Nbd2 Bg4 13. c3 a5 14. Qb3 a4 15. Qc2 Bf5 16. Qd1 Rfe8 17. b3 Rxe1+ 18. Qxe1 Nb5 19. c4 Nxd4 20. Nxd4 Qxd4 21. Nf3 Qb2 22. bxa4 Be6 23. Rb1 Qxa2 24. Rxb7 Qxa4 25. Ne5 h6 26. Rxc7 Qa1 27. Kf1 Qd4 28. Rb7 Ra1 29. Rb1 Rxb1 30. Qxb1 Qxe5 31. h3 Bxc4+ 32. Kg1 Bd5 33. Qd1 Qg5 34. Qf1 Qxg2+ 35. Qxg2 Bxg2 36. Kxg2 f5 37. Kf3 Kf7 38. Ke3 Ke6 39. Kd4 g5 40. f3 h5 41. Kc4 g4 42. hxg4 fxg4 43. fxg4 hxg4 44. Kd3 g3 45. Ke2 c5 46. Kf3 c4 47. Kxg3 c3 48. Kf3 c2 49. Ke2 c1=Q 50. Kd3 Ke5 51. Ke2 Ke4 52. Kf2 Qe3+ 53. Kg2 Kf4 54. Kf1 Qd2 55. Kg1 Kg3 56. Kf1 Qd1# 0-1


[Site "https://www.chess.com"]

[Event "Titled Tuesday Blitz May 03 Early 2022"]
[White "Molina, Roberto Junio Brito"]
[Black "Nozdrachev, Leonid"]
[WhiteFideId "2109450"]
[BlackFideId "24113433"]
[WhiteElo "2783"]
[BlackElo "2518"]
[Result "1-0"]
[Round "05"]
[TimeControl "180+1"]
[Date "2022.05.03"]
[WhiteClock "0:00:15"]
[BlackClock "0:00:01"]

1. d4 d6 2. e4 Nf6 3. Nc3 e5 4. Nf3 Nbd7 5. Bc4 Be7 6. O-O O-O 7. Re1 c6 8. a4 Qc7 9. b3 Re8 10. h3 Bf8 11. a5 exd4 12. Nxd4 d5 13. exd5 Rxe1+ 14. Qxe1 cxd5 15. Nxd5 Nxd5 16. Bxd5 Nf6 17. Bc4 a6 18. Be3 Bd7 19. Qd2 Ne4 20. Qd3 Nc5 21. Qc3 Rc8 22. Rd1 Ne4 23. Qe1 h6 24. Nf3 Bb5 25. Bb6 Qe7 26. Rd4 Nd6 27. Qxe7 Bxe7 28. Bxb5 axb5 29. Rd2 Kf8 30. Ne5 Ke8 31. Re2 b4 32. g4 Kf8 33. Kg2 Bg5 34. Kg3 Kg8 35. f4 Bf6 36. Nd3 Bc3 37. Kf3 Nb5 38. Re4 Na3 39. Re2 g6 40. f5 gxf5 41. gxf5 Kg7 42. Nf4 Kf6 43. Nd5+ Kg7 44. Rg2+ Kh7 45. Ke4 Re8+ 46. Kd3 Rc8 47. f6 Be5 48. Rg7+ Kh8 49. Rxf7 Nb1 50. Rd7 Nc3 51. Nxc3 Rxc3+ 52. Ke4 Bxf6 53. Rxb7 Rxc2 54. a6 Ra2 55. a7 Bg5 56. Rb8+ Kg7 57. a8=Q Rxa8 58. Rxa8 Kg6 59. Bd4 Bd2 60. Ra6+ Kh5 61. Kf3 Kh4 62. Kg2 Kg5 63. Rb6 Kf5 64. Bc5 Ke4 65. Bxb4 Be3 66. Rb5 Kd3 67. Be1 Kc2 68. Bf2 Bd2 69. Bc5 Kc3 70. Kf3 Kd3 71. h4 Bc1 72. h5 Bg5 73. b4 Bc1 74. Rb6 Kc4 75. Ke4 Bd2 76. Rg6 1-0


[Site "https://www.chess.com"]

[Event "Titled Tuesday Blitz May 03 Early 2022"]
[White "Murthy, Pappu"]
[Black "Jian, Alex"]
[WhiteFideId "2013401"]
[BlackFideId "30901022"]
[WhiteElo "2047"]
[BlackElo "2111"]
[Result "0-1"]
[Round "05"]
[TimeControl "180+1"]
[Date "2022.05.03"]
[WhiteClock "0:01:27"]
[BlackClock "0:01:11"]

1. c4 e6 2. e4 d5 3. exd5 exd5 4. cxd5 Nf6 5. Bb5+ Bd7 6. Bc4 Bd6 7. Nc3 O-O 8. Nge2 Re8 9. O-O Bxh2+ 10. Kxh2 Ng4+ 11. Kg3 Qg5 12. f4 Qg6 13. Qe1 Ne3+ 14. Kf2 Qxg2# 0-1


[Site "https://www.chess.com"]

[Event "Titled Tuesday Blitz May 03 Early 2022"]
[White "Nakamura, Hikaru"]
[Black "Lazavik, Denis"]
[WhiteFideId "2016192"]
[BlackFideId "13515110"]
[WhiteElo "2850"]
[BlackElo "2437"]
[Result "0-1"]
[Round "05"]
[TimeControl "180+1"]
[Date "2022.05.03"]
[WhiteClock "0:00:04"]
[BlackClock "0:00:06"]

1. Nf3 d5 2. e3 c6 3. c4 Nf6 4. d4 Bf5 5. Nc3 e6 6. Nh4 Be4 7. f3 Bg6 8. Qb3 Qc7 9. cxd5 cxd5 10. Nxg6 hxg6 11. Bd2 Nc6 12. O-O-O a6 13. Kb1 Rc8 14. Rc1 Nd7 15. Ne2 Be7 16. e4 Qb6 17. Qd1 O-O 18. Rc3 dxe4 19. Rb3 Qa7 20. fxe4 Nf6 21. Be3 Na5 22. Rd3 Nc4 23. Bg1 Nxe4 24. Ng3 Qb6 25. b3 Na3+ 26. Ka1 Nxg3 27. hxg3 Nc2+ 28. Kb1 Nb4 29. Rf3 Qa5 30. a4 Nd5 31. Kb2 b5 32. g4 bxa4 33. Rfh3 f5 34. gxf5 exf5 35. Bc4 Rxc4 36. bxc4 Qb4+ 37. Ka2 Qxc4+ 38. Ka1 Bb4 39. Rh8+ Kf7 40. Rxf8+ Kxf8 41. Rh3 Bc3+ 42. Kb1 Qb4+ 43. Kc2 Qb2+ 44. Kd3 Nf4+ 45. Ke3 Nxh3 46. gxh3 Qb3 47. Qxb3 axb3 48. Kd3 b2 49. Kc2 Ke7 0-1


[Site "https://www.chess.com"]

[Event "Titled Tuesday Blitz May 03 Early 2022"]
[White "Odegov, Artem"]
[Black "Krstulovic, Alex"]
[WhiteFideId "34183644"]
[BlackFideId "760056"]
[WhiteElo "2286"]
[BlackElo "2193"]
[Result "0-1"]
[Round "05"]
[TimeControl "180+1"]
[Date "2022.05.03"]
[WhiteClock "0:00:03"]
[BlackClock "0:01:24"]

1. d4 Nf6 2. c4 e6 3. Nf3 d5 4. Nc3 dxc4 5. e4 b5 6. e5 Nd5 7. Nxb5 Nb6 8. Be2 Nc6 9. O-O Be7 10. Be3 Bb7 11. Rc1 a6 12. Nc3 Nb4 13. Qd2 Qd7 14. Bg5 Rd8 15. Bxe7 Qxe7 16. Rfd1 c5 17. a3 Bxf3 18. Bxf3 Rxd4 19. Qe3 Nd3 20. Ne2 Rd8 21. Bc6+ Kf8 22. Nf4 Nxc1 23. Rxd8+ Qxd8 24. Qxc5+ Kg8 25. h4 Nd3 26. Nxd3 cxd3 27. Bf3 d2 28. Bd1 h5 29. g3 Rh6 30. b4 Nd5 31. a4 Qc7 32. Qd4 Qc1 33. Kh2 Qxd1 34. Qc4 Qf3 35. Qc8+ Kh7 36. Qh8+ 0-1


[Site "https://www.chess.com"]

[Event "Titled Tuesday Blitz May 03 Early 2022"]
[White "Ohanyan, Emin"]
[Black "Babazada, Khazar"]
[WhiteFideId "13312022"]
[BlackFideId "13413554"]
[WhiteElo "1927"]
[BlackElo "2406"]
[Result "0-1"]
[Round "05"]
[TimeControl "180+1"]
[Date "2022.05.03"]
[WhiteClock "0:00:02"]
[BlackClock "0:00:25"]

1. e4 Nf6 2. e5 Nd5 3. d4 Nb6 4. c4 d6 5. f4 dxe5 6. fxe5 Bf5 7. Be3 e6 8. Nc3 Be7 9. Nf3 O-O 10. Be2 f6 11. O-O Nc6 12. exf6 Bxf6 13. c5 Nd5 14. Nxd5 exd5 15. Qd2 Be4 16. b4 Qe8 17. b5 Ne7 18. Bf2 Qg6 19. Rae1 Rae8 20. Bg3 Nf5 21. Be5 Kh8 22. Bd3 Nh6 23. Bxf6 gxf6 24. Bxe4 dxe4 25. Nh4 Qg5 26. Qf4 e3 27. Qxg5 fxg5 28. Nf3 Nf5 29. g4 Nh6 30. h3 Nf7 31. Re2 Re7 32. Kg2 Kg7 33. Rfe1 Rfe8 34. Rd1 c6 35. a4 h6 36. Rd3 Kf6 37. Ne1 Nd8 38. Nc2 Ne6 39. Rexe3 Nf4+ 40. Kf3 Nxd3 41. Rxd3 Re2 42. Ne3 Rh2 43. Kg3 Ra2 44. d5 cxd5 45. Nxd5+ Kf7 46. Rf3+ Kg7 47. c6 bxc6 48. bxc6 Rc2 49. c7 Re5 50. Rd3 Kf7 51. Rf3+ Ke6 52. Rf8 Kxd5 53. c8=Q Re3+ 54. Rf3 Rxf3+ 55. Kxf3 Rxc8 0-1


[Site "https://www.chess.com"]

[Event "Titled Tuesday Blitz May 03 Early 2022"]
[White "Omariev, Maksim"]
[Black "Tasev, Dejan"]
[WhiteFideId "4193423"]
[BlackFideId "936618"]
[WhiteElo "2512"]
[BlackElo "2253"]
[Result "0-1"]
[Round "05"]
[TimeControl "180+1"]
[Date "2022.05.03"]
[WhiteClock "0:00:08"]
[BlackClock "0:00:19"]

1. b3 Nf6 2. Bb2 g6 3. g4 Bg7 4. g5 Nh5 5. Bxg7 Nxg7 6. Nc3 d5 7. Bg2 c6 8. e3 h6 9. gxh6 Rxh6 10. Qf3 Nd7 11. O-O-O Nf6 12. Nge2 Qa5 13. Kb2 Bd7 14. Qf4 Rh7 15. h3 Ne6 16. Qa4 Qc7 17. f4 b5 18. Qa6 Nc5 19. Qa3 Qb6 20. b4 Nb7 21. Nd4 a5 22. Nce2 Ra7 23. Nb3 axb4 24. Qxb4 c5 25. Qc3 b4 26. Qe5 Qa6 27. Nec1 c4 28. Qb8+ Nd8 29. Nc5 Qa3+ 30. Kb1 c3 31. N5d3 Bf5 32. Qxb4 cxd2 33. Qxa3 Rxa3 34. Rxd2 Ne4 35. Rdd1 Nc3+ 36. Kb2 Nxd1+ 37. Kxa3 Nxe3 38. Bf3 Nxc2+ 39. Kb2 Nd4 40. Bxd5 e6 41. Bc4 N8c6 42. a4 Ke7 43. Kc3 f6 44. Bb5 Kd6 45. Nb4 Nxb4 46. Kxb4 Rc7 47. Rd1 e5 48. fxe5+ fxe5 49. Nb3 Kd5 50. Nxd4 exd4 51. a5 Bxh3 52. a6 Bg4 53. Rd2 Bf5 54. Ka5 Rc1 55. Kb6 Ke4 56. a7 Ra1 57. Bc6+ Ke3 58. Rb2 d3 59. Bb5 Be4 60. Bxd3 Bxd3 61. Rb4 Be4 62. Rb5 Ra2 63. Rg5 Kf4 64. Rg1 Bf5 65. Rf1+ Ke5 66. Rg1 Kf6 67. Rf1 g5 68. Rg1 g4 69. Kb7 Be4+ 70. Kb8 Bf3 71. Rf1 Kg5 72. Rg1 Kf4 73. Rf1 g3 74. Rg1 g2 75. Rxg2 Bxg2 76. a8=Q Rxa8+ 77. Kc7 Ra3 78. Kb8 Re3 79. Ka7 Bf1 80. Kb8 Re7 81. Kc8 Ke5 82. Kd8 Kd6 83. Kc8 Kc6 84. Kd8 Re6 0-1


[Site "https://www.chess.com"]

[Event "Titled Tuesday Blitz May 03 Early 2022"]
[White "Oparin, Grigoriy"]
[Black "Sarana, Alexey"]
[WhiteFideId "24125890"]
[BlackFideId "24133795"]
[WhiteElo "2665"]
[BlackElo "2666"]
[Result "1/2-1/2"]
[Round "05"]
[TimeControl "180+1"]
[Date "2022.05.03"]
[WhiteClock "0:00:28"]
[BlackClock "0:00:07"]

1. d4 Nf6 2. c4 e6 3. Nf3 d5 4. g3 Bb4+ 5. Bd2 Be7 6. Bg2 c6 7. O-O Nbd7 8. Bc3 Ne4 9. Nbd2 Ndf6 10. Ne5 O-O 11. Qc2 Nxc3 12. bxc3 Nd7 13. Nd3 b6 14. e4 dxc4 15. Nxc4 Ba6 16. Ne3 Nc5 17. Ne5 Bxf1 18. Rxf1 Qc7 19. Nxc6 Qxc6 20. e5 Qc7 21. Bxa8 Rxa8 22. dxc5 Bxc5 23. Qe4 Rc8 24. Rd1 h6 25. Rd3 b5 26. h4 Qa5 27. Ng4 Qxa2 28. Rd7 h5 29. Ne3 Bxe3 30. Qxe3 Qa1+ 31. Kh2 Qxc3 32. Rd8+ Kh7 33. Qe4+ g6 34. Qf4 Qc7 35. Rxc8 Qxc8 36. Qxf7+ Kh6 37. Qf4+ Kg7 38. Qf6+ Kh7 39. Qf7+ Kh6 40. Qf4+ Kg7 41. Qf6+ Kh6 42. Qf4+ 1/2-1/2


[Site "https://www.chess.com"]

[Event "Titled Tuesday Blitz May 03 Early 2022"]
[White "Osmak, Yuliia"]
[Black "Sanchez, Robert"]
[WhiteFideId "14101602"]
[BlackFideId "2034360"]
[WhiteElo "2302"]
[BlackElo "2452"]
[Result "1-0"]
[Round "05"]
[TimeControl "180+1"]
[Date "2022.05.03"]
[WhiteClock "0:00:22"]
[BlackClock "0:00:20"]

1. e4 g6 2. d4 Bg7 3. f4 a6 4. Nf3 d6 5. Nc3 Nf6 6. Bd3 O-O 7. O-O Nc6 8. e5 dxe5 9. fxe5 Nd5 10. Nxd5 Qxd5 11. c3 Bg4 12. h3 Bxf3 13. Qxf3 Qxf3 14. Rxf3 Rad8 15. Bg5 h6 16. Bf4 g5 17. Bh2 e6 18. Raf1 Rd7 19. Be4 Nd8 20. Bg3 Nc6 21. b4 Rb8 22. a4 Na7 23. Bf2 Nc8 24. Be3 Bf8 25. h4 gxh4 26. Rh3 Nb6 27. a5 Nd5 28. Bd2 b6 29. axb6 cxb6 30. Ra1 a5 31. bxa5 bxa5 32. Rxa5 Rb2 33. Be1 Re2 34. Bxd5 Rxe1+ 35. Kf2 Rc1 36. Bc6 Rc7 37. Ra6 Be7 38. Ke2 Bg5 39. Kd3 Kg7 40. c4 f6 41. exf6+ Kxf6 42. Rf3+ Ke7 43. Bb5 Rg1 44. Rf2 Rb7 45. Re2 Kf7 46. Raxe6 Ra7 47. Ra6 Rxa6 48. Bxa6 Ra1 49. Bb5 Ra3+ 50. Ke4 Ke7 51. Kd5+ Kf6 52. c5 1-0


[Site "https://www.chess.com"]

[Event "Titled Tuesday Blitz May 03 Early 2022"]
[White "Ovezdurdyyeva, Jemal"]
[Black "Rabineau, Clement"]
[WhiteFideId "14001888"]
[BlackFideId "628891"]
[WhiteElo "1946"]
[BlackElo "2237"]
[Result "1-0"]
[Round "05"]
[TimeControl "180+1"]
[Date "2022.05.03"]
[WhiteClock "0:02:08"]
[BlackClock "0:00:02"]

1. e4 d6 2. d4 g6 3. Nc3 Bg7 4. Be2 Nc6 5. Be3 e5 6. dxe5 Nxe5 7. f4 Nc6 8. Nf3 Nf6 9. O-O O-O 10. Nd4 Re8 11. Bf3 Bd7 12. Qd2 Ng4 13. Bxg4 Bxg4 14. Nxc6 bxc6 15. Bd4 Bd7 16. Bxg7 Kxg7 17. Qd4+ Qf6 18. e5 dxe5 19. fxe5 Qe6 20. Rf2 Red8 21. Raf1 Be8 22. Qf4 Rd5 23. Nxd5 cxd5 24. Qf6+ Qxf6 25. exf6+ Kf8 26. Re1 Rb8 27. b3 Bd7 28. Re7 Rd8 29. Rd2 c6 30. c4 Be6 31. cxd5 cxd5 32. Rxa7 d4 33. b4 g5 34. b5 g4 35. b6 1-0


[Site "https://www.chess.com"]

[Event "Titled Tuesday Blitz May 03 Early 2022"]
[White "Paravyan, David"]
[Black "Andreikin, Dmitry"]
[WhiteFideId "4194985"]
[BlackFideId "4158814"]
[WhiteElo "2569"]
[BlackElo "2736"]
[Result "0-1"]
[Round "05"]
[TimeControl "180+1"]
[Date "2022.05.03"]
[WhiteClock "0:00:02"]
[BlackClock "0:01:53"]

1. e4 c5 2. Nf3 e6 3. d4 cxd4 4. Nxd4 Nc6 5. Nc3 d6 6. g4 Be7 7. Be3 Bd7 8. Qd2 a6 9. O-O-O Rc8 10. f4 Nf6 11. h3 b5 12. a3 b4 13. axb4 Nxb4 14. g5 Rxc3 15. bxc3 Nxe4 16. Qe1 Qa5 17. cxb4 Qa1# 0-1


[Site "https://www.chess.com"]

[Event "Titled Tuesday Blitz May 03 Early 2022"]
[White "Perez Gormaz, Matias"]
[Black "Meshkovs, Nikita"]
[WhiteFideId "3406342"]
[BlackFideId "11602740"]
[WhiteElo "2643"]
[BlackElo "2797"]
[Result "0-1"]
[Round "05"]
[TimeControl "180+1"]
[Date "2022.05.03"]
[WhiteClock "0:00:02"]
[BlackClock "0:00:05"]

1. e4 c5 2. Nf3 Nc6 3. Bb5 g6 4. O-O Bg7 5. Re1 e5 6. a3 Nge7 7. b4 d6 8. c3 O-O 9. d3 a6 10. Bc4 h6 11. Be3 b6 12. Nbd2 Kh7 13. bxc5 bxc5 14. Nb3 f5 15. exf5 Bxf5 16. d4 e4 17. Nfd2 d5 18. Be2 c4 19. Nc5 Qc7 20. Rb1 Bc8 21. Bg4 Nf5 22. Nf1 Nce7 23. Bd2 h5 24. Bh3 Qd6 25. Bg5 Bf6 26. Qd2 Ra7 27. Bf4 Qc6 28. Rb8 Rg8 29. Bg5 Qd6 30. Reb1 Nc6 31. R8b6 Bxg5 32. Qxg5 Rf7 33. Nxa6 Bxa6 34. Rxa6 Qc7 35. Rab6 Nd8 36. Ne3 Nxe3 37. Qxe3 Qe7 38. a4 g5 39. g3 g4 40. Bg2 Ne6 41. Rb7 Qxb7 42. Rxb7 Rxb7 43. Bf1 Rb1 44. Kg2 Ng5 45. Qf4 Kh6 46. Qf6+ Rg6 47. Qf8+ Kh7 48. Qe7+ Rg7 49. Qf6 Nf3 50. Qf5+ Kh6 51. Qf6+ Kh7 52. Qf5+ Kg8 53. Qxd5+ Rf7 54. Qxe4 Re1 55. Qg6+ Kf8 56. Qd6+ Kg7 57. Qd5 Nd2 58. Qg5+ Kf8 59. Qc5+ Ke8 60. Qc6+ Ke7 61. Bxc4 Nxc4 62. Qxc4 Re6 63. Qc5+ Ke8 64. Qxh5 Rf6 65. Qh8+ Ke7 66. Qh4 Kd6 67. Qxg4 Rxf2+ 68. Kh3 Rh7+ 69. Qh4 Rxh4+ 70. gxh4 Rc2 71. Kg4 Rxh2 72. Kg5 Ke6 73. h5 Rg2+ 74. Kh6 Kf7 75. d5 Rc2 76. Kh7 Rxc3 77. h6 Rd3 78. Kh8 Rxd5 79. a5 Kg6 0-1


[Site "https://www.chess.com"]

[Event "Titled Tuesday Blitz May 03 Early 2022"]
[White "Pesotskiy, Mikhail"]
[Black "Pham, Tran Gia Phuc"]
[WhiteFideId "34164453"]
[BlackFideId "12415669"]
[WhiteElo "2010"]
[BlackElo "1789"]
[Result "0-1"]
[Round "05"]
[TimeControl "180+1"]
[Date "2022.05.03"]
[WhiteClock "0:00:04"]
[BlackClock "0:01:01"]

1. d4 Nf6 2. c4 e6 3. Nc3 Bb4 4. Qc2 b6 5. e4 c5 6. d5 Qe7 7. Be2 d6 8. Bd2 exd5 9. exd5 O-O 10. O-O-O Bxc3 11. Bxc3 Ne4 12. Bd3 Nxc3 13. Qxc3 Nd7 14. Nf3 Nf6 15. Rde1 Qc7 16. h3 b5 17. g4 bxc4 18. Bxc4 Bb7 19. Qd3 Rfe8 20. g5 Nh5 21. Nh4 Qa5 22. Nf3 Nf4 23. Qf5 Rxe1+ 24. Rxe1 Ng6 25. Qd7 Qb4 26. Re4 Qb6 27. Re8+ Nf8 28. Rxa8 Bxa8 29. Qe8 Bb7 30. Nd2 Qc7 31. Ne4 Bc8 32. Qc6 Qa5 33. Nxd6 Qe1+ 34. Kc2 Qxf2+ 35. Kb3 Qe3+ 36. Ka4 Bd7 37. Bb5 Bxc6 38. dxc6 Qd4+ 39. Nc4 Ne6 40. b3 Nc7 41. Ka5 Qc3+ 42. Ka4 Qb4# 0-1


[Site "https://www.chess.com"]

[Event "Titled Tuesday Blitz May 03 Early 2022"]
[White "Petre, Nad-Titus"]
[Black "Matveeva, Olga"]
[WhiteFideId "1204165"]
[BlackFideId "24107018"]
[WhiteElo "2354"]
[BlackElo "2083"]
[Result "0-1"]
[Round "05"]
[TimeControl "180+1"]
[Date "2022.05.03"]
[WhiteClock "0:00:21"]
[BlackClock "0:00:31"]

1. e4 e6 2. d4 d5 3. Bd3 dxe4 4. Bxe4 Nf6 5. Bf3 c5 6. Ne2 Nc6 7. Be3 cxd4 8. Nxd4 Ne5 9. Nc3 Nxf3+ 10. Qxf3 Be7 11. O-O-O Qa5 12. g4 O-O 13. g5 Nd7 14. h4 Ne5 15. Qe4 Nc6 16. Nb3 Qf5 17. Qg2 a5 18. a3 a4 19. Nd2 Qa5 20. h5 Bxa3 21. bxa3 Qxc3 22. g6 Qxa3+ 23. Kb1 Nb4 24. gxh7+ Kh8 25. Qe4 Qa2+ 26. Kc1 Nd5 27. h6 Qa3+ 0-1


[Site "https://www.chess.com"]

[Event "Titled Tuesday Blitz May 03 Early 2022"]
[White "Petrova, Irina"]
[Black "Yang, Kaiqi"]
[WhiteFideId "14124122"]
[BlackFideId "8604398"]
[WhiteElo "1993"]
[BlackElo "2373"]
[Result "0-1"]
[Round "05"]
[TimeControl "180+1"]
[Date "2022.05.03"]
[WhiteClock "0:00:12"]
[BlackClock "0:00:15"]

1. e4 c5 2. Nf3 Nf6 3. e5 Nd5 4. b3 Nc6 5. Bb2 d6 6. exd6 Qxd6 7. g3 Bg4 8. Bg2 e6 9. O-O Nd4 10. Na3 Be7 11. Nc4 Qc7 12. Ne3 Nxf3+ 13. Bxf3 Bxf3 14. Qxf3 Nf6 15. Ng4 Nxg4 16. Qxg4 Rg8 17. Rad1 O-O-O 18. d4 Bf6 19. c3 Rd7 20. dxc5 Qxc5 21. Rxd7 Kxd7 22. Rd1+ Kc8 23. Qa4 Rd8 24. Rxd8+ Kxd8 25. Ba3 Qxc3 26. Qxa7 Qc6 27. Qa8+ Kc7 28. Qa5+ Kc8 29. Qa8+ Kc7 30. Qa5+ Qb6 31. Bd6+ Kc6 32. Qxb6+ Kxb6 33. Kg2 Kc6 34. Bb4 Kd5 35. Kf3 Kd4 36. Ke2 h5 37. h4 Kd5 38. Kd3 Bd4 39. Be1 f5 40. b4 e5 41. a4 e4+ 42. Ke2 Kc4 43. b5 g6 44. Ba5 Kb3 45. f3 Kxa4 46. Bd8 Kxb5 47. fxe4 fxe4 48. Bg5 Kc4 49. Bc1 b5 0-1


[Site "https://www.chess.com"]

[Event "Titled Tuesday Blitz May 03 Early 2022"]
[White "Piesik, Piotr"]
[Black "Visakh N R"]
[WhiteFideId "1136194"]
[BlackFideId "25012223"]
[WhiteElo "2190"]
[BlackElo "2448"]
[Result "0-1"]
[Round "05"]
[TimeControl "180+1"]
[Date "2022.05.03"]
[WhiteClock "0:02:38"]
[BlackClock "0:02:33"]

1. Nf3 d5 2. g3 Nd7 3. Bg2 e5 4. d3 Ngf6 5. O-O Bc5 6. Nbd2 O-O 7. e4 dxe4 8. dxe4 a5 9. a4 b6 10. h3 Ba6 11. Re1 Qe7 12. Nb3 Bd6 13. Nfd2 Rfd8 14. Qf3 Nf8 15. Bf1 Bxf1 16. Kxf1 Ne6 17. Nc4 Nc5 18. Nxc5 Bxc5 19. Bg5 Qe6 20. Bxf6 Qxc4+ 0-1


[Site "https://www.chess.com"]